 Dungeon Sprint DCSS version 0.24-a0-250-g6074511092 (webtiles) character file.

Game seed: 1825152317379068426

254 Redear the Fighter (level 6, -2/75 HPs)
             Began as an Ogre Fighter on Apr 15, 2019.
             Was an Elder of Cheibriados.
             Killed from afar by a deep elf mage (26 damage)
             ... with a bolt of lightning
             ... in the Dungeon (Sprint VII: "The Pits").
             The game lasted 00:01:40 (239 turns).

Redear the Fighter (Ogre Fighter)                    Turns: 239, Time: 00:01:40

Health: -2/75      AC:  3    Str: 31    XL:     6   Next: 14%
Magic:  6/6        EV: 13    Int: 21    God:    Cheibriados [****..]
Gold:   0          SH: 11    Dex: 18    Spells: 5/5 levels left

rFire    . . .     SeeInvis .   l - +3 trident (pierce)
rCold    . . .     Gourm    .   c - +0 shield
rNeg     . . .     Faith    .   b - +0 robe
rPois    .         Spirit   .   (helmet restricted)
rElec    .         Reflect  .   (no cloak)
rCorr    .         Harm     .   (gloves unavailable)
MR       .....     NoTele   +   (boots unavailable)
Stlth    ++........             (no amulet)
HPRegen  0.22/turn              (no ring)
MPRegen  0.10/turn              (no ring)

@: very slow
A: large, unfitting armour, tough skin 1
a: Bend Time, Temporal Distortion, Slouch, Renounce Religion


You were in the Dungeon.
You worshipped Cheibriados.
Cheibriados was greatly pleased with you.
You were not hungry.

You visited 1 branch

Inventory:

Hand Weapons
 a - a +0 trident
 l - a +3 trident of piercing (weapon)
Armour
 b - a +0 robe (worn)
 c - a +0 shield (worn)
Scrolls
 f - 5 scrolls of amnesia
 h - a scroll of summoning
 B - a scroll of blinking {@r4}
 N - 3 scrolls of remove curse
Potions
 d - a potion of might {Str+5 DMG+1d10 | @q3}
 e - 2 potions of invisibility
 g - 6 potions of heal wounds {@q1}
 i - 4 potions of magic
 j - 3 potions of berserk rage
 H - a potion of haste {@q5}
 Q - 6 potions of curing {@q2}
Comestibles
 z - 9 rations


   Skills:
 + Level 9.0 Fighting
 + Level 6.4 Polearms
 + Level 6.2 Dodging
 + Level 6.2 Shields


You had 5 spell levels left.
You didn't know any spells.
Your spell library was empty.

Dungeon Overview and Level Annotations

Branches:
Dungeon (1/1)

Altars:
Ashenzari
Cheibriados
Dithmenos
Elyvilon
Fedhas
Gozag
Hepliaklqana
Kikubaaqudgha
Makhleb
Nemelex Xobeh
Okawaru
Qazlal
Ru
Sif Muna
Trog
Uskayaw
Vehumet
Wu Jian
Xom
Yredelemnul
Zin
The Shining One
Beogh
Jiyva
Lugonu


Innate Abilities, Weirdness & Mutations

You are too large for most types of armour.
You have tough skin. (AC +1)


Message History

Aim: an iguana (translocational energy)
You reach to attack!
You puncture the iguana!
The iguana is heavily wounded.
The deep elf mage casts a spell.
The deep elf mage blinks!
Attack whom?
Press: ? - help, Dir - move target cursor, f/p - iguana
Aim: an iguana (heavily wounded)
You puncture the iguana!
You kill the iguana!
Cheibriados appreciates the change of pace.
Cheibriados raises the support of your attributes as your movement slows.
Your Fighting skill increases to level 9!
Unknown command.
All of the chunks of flesh in your inventory have rotted away.
Things that are here:
a +0 giant club; a wolf corpse The deep elf mage casts a spell at you.
The bolt of lightning hits you!!
You die...

#.#..#..#[[##.....
#.#..)..#))#####'#
#.#..####).##.....
#.#..#..#))##.....
#.#..#..#..##.....
#.##†#).#'###...<.
#.#........##.....
#)#........##.....
#@###########.....
#e......# ######
#..#.#..# #.## #
#.. #.# #.. #.. ##


You could see a deep elf mage.

Vanquished Creatures
  A wolf (D)
  An ogre (D)
  An iguana (D)
  Terence (D)
  A gnoll (D)
  An adder (D)
  A white imp (D)
  An ooze (D)
  A leopard gecko (D)
  2 giant cockroaches (D)
  A hobgoblin (D)
  A ball python (D)
  A frilled lizard (D)
  A kobold (D)
15 creatures vanquished.

Notes
Turn   | Place    | Note
-------+----------+-------------------------------------------
     0 | D        | Redear the Ogre Fighter began the quest for the Orb.
     0 | D        | Reached XP level 1. HP: 24/24 MP: 1/1
    13 | D        | Reached skill level 3 in Dodging
    13 | D        | Reached skill level 3 in Shields
    39 | D        | Found a glowing golden altar of the Shining One.
    39 | D        | Found a glowing silver altar of Zin.
    39 | D        | Found a basalt altar of Yredelemnul.
    39 | D        | Found a shimmering altar of Xom.
    39 | D        | Found an ornate altar of the Wu Jian Council.
    39 | D        | Found a bloodstained altar of Trog.
    39 | D        | Found a deep blue altar of Sif Muna.
    39 | D        | Found a sacrificial altar of Ru.
    39 | D        | Found a stormy altar of Qazlal.
    39 | D        | Found an iron altar of Okawaru.
    39 | D        | Found a sparkling altar of Nemelex Xobeh.
    39 | D        | Found a burning altar of Makhleb.
    39 | D        | Found a viscous altar of Jiyva.
    39 | D        | Found a hazy altar of Hepliaklqana.
    39 | D        | Found an opulent altar of Gozag.
    39 | D        | Found a blossoming altar of Fedhas.
    39 | D        | Found a white marble altar of Elyvilon.
    39 | D        | Found a shadowy altar of Dithmenos.
    39 | D        | Found a snail-covered altar of Cheibriados.
    40 | D        | Found a radiant altar of Vehumet.
    40 | D        | Found a corrupted altar of Lugonu.
    40 | D        | Found a roughly hewn altar of Beogh.
    41 | D        | Found an ancient bone altar of Kikubaaqudgha.
    41 | D        | Found a hide-covered altar of Uskayaw.
    41 | D        | Found a shattered altar of Ashenzari.
    47 | D        | Became a worshipper of Cheibriados the Contemplative
    71 | D        | Reached skill level 5 in Fighting
    71 | D        | Reached skill level 3 in Polearms
    71 | D        | Reached XP level 2. HP: 29/35 MP: 2/2
    83 | D        | Reached * piety under Cheibriados
    88 | D        | Reached ** piety under Cheibriados
    95 | D        | Noticed Terence
   100 | D        | Reached XP level 3. HP: 39/42 MP: 3/3
   111 | D        | Killed Terence
   111 | D        | Reached *** piety under Cheibriados
   111 | D        | Reached skill level 6 in Fighting
   111 | D        | Reached skill level 4 in Polearms
   111 | D        | Reached skill level 4 in Dodging
   111 | D        | Reached skill level 4 in Shields
   114 | D        | Reached XP level 4. HP: 31/52 MP: 4/4
   217 | D        | Noticed a wolf
   219 | D        | Noticed an ogre
   219 | D        | Noticed a deep elf mage
   224 | D        | Killed an ogre
   224 | D        | Reached skill level 7 in Fighting
   224 | D        | Reached skill level 5 in Polearms
   224 | D        | Reached skill level 5 in Dodging
   224 | D        | Reached skill level 5 in Shields
   224 | D        | Reached XP level 5. HP: 62/62 MP: 5/5
   230 | D        | Killed a wolf
   230 | D        | Reached **** piety under Cheibriados
   230 | D        | Reached skill level 8 in Fighting
   230 | D        | Reached skill level 6 in Polearms
   230 | D        | Reached skill level 6 in Dodging
   230 | D        | Reached skill level 6 in Shields
   235 | D        | Reached XP level 6. HP: 22/74 MP: 6/6
   237 | D        | Reached skill level 9 in Fighting
   239 | D        | Killed from afar by a deep elf mage

Levels and vault maps discovered:
D:        pitsprint [storerooms_1, entrance_room_1, metal_vault_3, armoury_3,
          mini_pit_1, grid_room_1, main_hall_1, silver_pit, the_coven_3,
          the_vestibule_1, steel_vault_1, golden_pit, hallway_of_sentries,
          crystal_vault_3, iron_vault_4, final_vault]

Skill      XL: |  1  2  3  4  5  6 |
---------------+-------------------+-----
Dodging        | 3 4 5 6 |  6.2
Shields        | 3 4 5 6 |  6.2
Fighting       | 5 6 7 8 9 |  9.0
Polearms       | 3 4 5 6 |  6.4

Action                   |  1- 3 |  4- 6 || total
-------------------------+-------+-------++-------
Melee: Trident           |    34 |    15 ||    49
Armor: Robe              |     8 |       ||     8
Dodge: Dodged            |    13 |     3 ||    16
Block: Shield            |    12 |     5 ||    17

Table legend:
 A = Non-vault XP
 B = Vault XP
 C = Vault XP percentage of total XP
 D = Non-vault monster count
 E = Vault monster count
 F = Vault count percentage of total count
                 A         B        C        D         E       F
            +---------+---------+-------+---------+---------+-------
      Total |       0 |     363 | 100.0 |       0 |      15 | 100.0
            +---------+---------+-------+---------+---------+-------
          D |       0 |     363 | 100.0 |       0 |      15 | 100.0
            +---------+---------+-------+---------+---------+-------
